 Dungeon Crawl Stone Soup version 0.31-a0-986-g5e6e4ef867 (webtiles) character file.

Game seed: 17102096054512158419

104 Dittersdorf the Trooper (level 5, -4/42 HPs)
             Began as a Human Fighter on Nov 7, 2023.
             Slain by a gnoll
             ... wielding a +0 halberd
              (9 damage)
             ... on level 2 of the Dungeon.
             The game lasted 00:01:32 (1551 turns).

Dittersdorf the Trooper (Human Fighter)             Turns: 1551, Time: 00:01:33

Health: -4/42      AC:  6    Str: 18    XL:     5   Next: 7%
Magic:  5/5        EV:  9    Int:  9    God:
Gold:   132        SH:  4    Dex: 12    Spells: 4/4 levels left

rFire   . . .        a - +0 long sword
rCold   . . .        c - +0 buckler
rNeg    . . .        b - +0 scale mail
rPois   .            (no helmet)
rElec   .            (no cloak)
rCorr   .            (no gloves)
SInv    .            (no boots)
Will    .....        (no amulet) Stlth
                     (no ring)
HPRegen 0.27/turn    (no ring)
MPRegen 0.09/turn

%: no passive effects
@: no status effects
A: no striking features
a: no special abilities


You were on level 2 of the Dungeon.
You visited 1 branch of the dungeon, and saw 3 of its levels.

You collected 132 gold pieces.

Inventory:

Hand Weapons
 a - a +0 long sword (weapon)
Armour
 b - a +0 scale mail (worn)
 c - a +0 buckler (worn)
Wands
 m - a wand of flame (9) (quivered)
Scrolls
 e - 4 scrolls of identify {unknown}
 g - a scroll of amnesia {unknown}
 i - 3 scrolls of teleportation {unknown}
 l - 3 scrolls of torment {unknown}
 o - a scroll of silence {unknown}
 p - a scroll of vulnerability {unknown}
Potions
 d - a potion of might
 f - a potion of lignification {unknown}
 h - a potion of magic {unknown}
 j - a potion of degeneration {unknown}
 k - a potion of enlightenment {unknown}
 n - 2 potions of haste {unknown}


   Skills:
 + Level 3.7 Fighting
 + Level 2.9 Long Blades
 + Level 3.6 Armour
 + Level 3.6 Shields


You had 4 spell levels left.
You didn't know any spells.
Your spell library contained the following spells:

 Spells                   Type           Power      Damage    Failure   Level
 Kiss of Death            Conj/Necr      0%         2d5       85%         1
 Confusing Touch          Hex            0%         N/A       99%         3
 Dispel Undead            Necr           0%         3d6       100%        4


Dungeon Overview and Level Annotations

Branches:
Dungeon (3/15)

Altars:
Elyvilon

Shops:
D:2 [


Message History

No target in view!
No target in view!
No target in view!
No target in view!
No target in view!
No target in view!
You start resting.
HP restored.
You climb downwards.
The gnoll hits you with a +0 whip. You block the gnoll's attack.
The gnoll hits you with a +0 whip. The gnoll barely misses you.
There is a stone staircase leading up here.
The gnoll hits you from afar with a +0 spear.
The gnoll hits you with a +0 whip. The gnoll hits you with a +0 halberd!
You climb upwards.
There is a stone staircase leading down here.
You are too injured to fight recklessly!
The gnoll attacks as it pursues you! The gnoll hits you with a +0 whip.
The gnoll barely misses you. The gnoll attacks as it pursues you!
The gnoll barely misses you. The gnoll attacks as it pursues you!
The gnoll closely misses you.
You hit the gnoll.
The gnoll is lightly wounded.
The gnoll barely misses you. You block the gnoll's attack.
You barely miss the gnoll.
The gnoll is lightly wounded.
The gnoll closely misses you. You block the gnoll's attack.
The gnoll closely misses you.
You hit the gnoll.
The gnoll is moderately wounded.
The gnoll hits you but does no damage. The gnoll barely misses you. x2
You barely miss the gnoll.
The gnoll is moderately wounded.
The gnoll hits you from afar with a +0 halberd!
* * * LOW HITPOINT WARNING * * *
You block the gnoll's attack.
You hit the gnoll.
The gnoll is severely wounded.
The gnoll hits you from afar with a +0 halberd!
You die...

#####......................#....#
.....................(......###..
...............###............#.#
###..........#..######.##.###...#
....##.......##.######.##.####..#
######........#..............#...
#........########<##.##..... #
###.##.#)...# #.##..###.## ####
#.##.####@# #.###.###.# ...##
#.##.# #g# #.# #>##..# ....#
#.##.# #g## #.# #....##
.#..####.##.####..# #.# ##.†##
....##.........∩#>####.# #..#
#....#..........#.†.##.#####.#
###..#..........##...........#
#.............##........##.#
##............##........##.#


You could see 2 gnolls.

Vanquished Creatures
  6 adders (D:2)
  3 endoplasms (D:1)
  5 giant cockroaches
  6 goblins
  5 hobgoblins
  8 jackals
  A kobold (D:1)
  A quokka (D:1)
  3 ball pythons
  A bat (D:3)
  2 frilled lizards (D:1)
  7 rats
48 creatures vanquished.

Notes
Turn   | Place    | Note
-------+----------+-------------------------------------------
     0 | D:1      | Dittersdorf the Human Fighter began the quest for the Orb.
     0 | D:1      | Reached XP level 1. HP: 18/18 MP: 1/1
    89 | D:1      | Reached XP level 2. HP: 24/24 MP: 2/2
   391 | D:1      | Reached XP level 3. HP: 29/29 MP: 3/3
   903 | D:2      | Reached XP level 4. HP: 35/35 MP: 4/4
   994 | D:2      | Found a white marble altar of Elyvilon.
  1042 | D:2      | Found Zero Heu's Antique Armour Boutique.
  1257 | D:2      | Reached XP level 5. HP: 39/42 MP: 5/5
  1551 | D:2      | Slain by a gnoll

Illustrated notes

Levels and vault maps discovered:
D:1:      erik_arrival_blinker_ship, layout_loops_ring, serial_glass,
          glass_columns_a, glass_columns_c
D:2:      layout_rooms, basic_altar, serial_shops, shop, minmay_pentomino_pile
D:3:      layout_rooms, minmay_gold_behind_fungi, grunt_ministairs_13

Action                     |  1- 3 |  4- 6 || total
---------------------------+-------+-------++-------
  Melee: Long sword        |    87 |    83 ||   170
 Armour: Scale mail        |    53 |    78 ||   131
  Dodge: Dodged            |    33 |    61 ||    94
  Block: Buckler           |    27 |    27 ||    54

Table legend: (Time is in decaauts)
 A = Elapsed time spent in this place.
 B = Non-inter-level travel time spent in this place.
 C = Inter-level travel time spent in this place.
 D = Time resting spent in this place.
 E = Time spent auto-exploring this place.
 F = Levels seen in this place.
 G = Mean time per level.
                   A        B        C        D        E       F      G
               +--------+--------+--------+--------+--------+-----+--------+
         Total |   1606 |   1508 |     98 |     39 |   1076 |   3 |  535.3 |
       Dungeon |   1606 |   1508 |     98 |     39 |   1076 |   3 |  535.3 |
               +--------+--------+--------+--------+--------+-----+--------+

Top non-repeatable levels by time:
     D:1: 821 daAuts
     D:2: 739 daAuts
     D:3: 46 daAuts
